 Dungeon Crawl Stone Soup version 0.26.1-11-gd32895ea62 (webtiles) character file.

Game seed: 14893272384477498064

8920 DildoBatman the Geomancer (level 11, -12/79 HPs)
             Began as a Formicid Conjurer on May 26, 2021.
             Was a High Priest of Kikubaaqudgha.
             Mangled by an orc warrior
             ... wielding a +0 trident
             ... led by an orc knight
              (29 damage)
             ... on level 1 of the Orcish Mines.
             The game lasted 00:38:59 (11467 turns).

DildoBatman the Geomancer (Formicid Conjurer)      Turns: 11467, Time: 00:39:00

Health: -12/79     AC: 11    Str: 11    XL:     11   Next: 64%
Magic:  11/21      EV: 11    Int: 24    God:    Kikubaaqudgha [*****.]
Gold:   821        SH:  0    Dex:  9    Spells: 7/24 levels left

rFire    . . .     SeeInvis +   a - +0 hunting sling
rCold    . . .     Faith    +   (no shield)
rNeg     . . .     Spirit   .   K - +2 leather armour {Will+}
rPois    +         Reflect  .   (helmet unavailable)
rElec    .         Harm     .   C - +0 cloak
rCorr    .         Rampage  .   L - +0 pair of gloves (curse)
Will     ++...     Clarity  +   N - +0 pair of boots
Stlth    +++.......             f - amulet of faith
HPRegen  0.23/turn              c - ring of poison resistance
MPRegen  0.17/turn              y - ring of stealth

@: no status effects
A: permanent stasis, dig shafts and tunnels, four strong arms, antennae 3, beak,
yellow scales 1, clarity, clever 1
a: Dig, Shaft Self, Renounce Religion, Receive Corpses, Torment


You were on level 1 of the Orcish Mines.
You worshipped Kikubaaqudgha.
Kikubaaqudgha was extremely pleased with you.
You visited 3 branches of the dungeon, and saw 12 of its levels.

You collected 821 gold pieces.

Inventory:

Hand Weapons
 a - a +0 hunting sling (weapon)
 b - a +6 flail
Missiles
 e - 216 arrows
 i - 121 bolts
 o - 7 curare-tipped darts
 u - 10 poisoned darts
 v - 290 stones (quivered ammo)
 U - a sling bullet
 W - 6 datura-tipped darts
Armour
 l - a scarf of repulsion
 q - a +0 tower shield
 C - a +0 cloak (worn)
 K - a +2 leather armour of willpower (worn)
 L - a cursed +0 pair of gloves (worn)
 N - a +0 pair of boots (worn)
Magical Staves
 A - an uncursed staff of air
Jewellery
 c - a ring of poison resistance (left hand)
 f - an amulet of faith (around neck)
 j - an uncursed ring of protection from cold
 r - an uncursed ring of protection from fire
 y - a ring of stealth (right hand)
 H - an uncursed amulet of guardian spirit {unknown}
 O - the amulet "Exopp" {Reflect rC+ rN+ SH+5, unknown}
   (You found it on level 7 of the Dungeon)

   [amulet of reflection]

   It shields you and reflects attacks.
   It protects you from cold.
   It protects you from negative energy.
   It affects your SH (+5).
Wands
 s - a wand of paralysis (4)
 V - a wand of iceblast (5)
 Y - a wand of flame (21)
 Z - a wand of disintegration (14)
Scrolls
 g - a scroll of amnesia
 k - 2 scrolls of fog {unknown}
 m - a scroll of enchant armour {unknown}
 n - a scroll of immolation
 x - 2 scrolls of remove curse
 z - 2 scrolls of identify
 B - 3 scrolls of enchant weapon {unknown}
 D - 2 scrolls of fear {unknown}
 E - 3 scrolls of magic mapping {unknown}
 F - a scroll of noise {unknown}
 M - 2 scrolls of blinking {unknown}
 P - a scroll of random uselessness {unknown}
 R - a scroll of summoning {unknown}
Potions
 d - 3 potions of magic
 h - 7 potions of curing
 p - a potion of might {unknown}
 t - 3 potions of lignification
 w - 2 potions of haste {unknown}
 G - a potion of brilliance {unknown}
 I - a potion of ambrosia {unknown}
 J - a potion of flight {unknown}
 S - a potion of berserk rage {unknown}
 X - a potion of heal wounds {unknown}


   Skills:
 - Level 5.0 Fighting
 - Level 5.0 Armour
 - Level 1.7 Dodging
 - Level 2.4 Stealth
 * Level 2.1 Shields
 - Level 7.0 Spellcasting
 - Level 6.0 Conjurations
 - Level 9.0 Necromancy
 - Level 12.0 Earth Magic


You had 7 spell levels left.
You knew the following spells:

 Your Spells              Type           Power        Failure   Level
a - Borgnjor's Vile Clut  Necr/Erth      28%          3%          5
b - Searing Ray           Conj           74%          1%          2
c - Magic Dart            Conj           100%         1%          1
d - Vampiric Draining     Necr           25%          1%          3
h - Dispel Undead         Necr           51%          2%          4
z - Sublimation of Blood  Necr           25%          1%          2

Your spell library contained the following spells:

 Spells                   Type           Power        Failure   Level
 Animate Skeleton         Necr           100%         1%          1
 Pain                     Necr           100%         1%          1
 Animate Dead             Necr           25%          2%          4
 Excruciating Wounds      Necr           25%          6%          5
 Dazzling Flash           Conj/Hex       44%          8%          3
 Leda's Liquefaction      Hex/Erth       18%          8%          4
 Corona                   Hex            8%           9%          1
 Slow                     Hex            8%           14%         2
 Inner Flame              Hex/Fire       8%           26%         3
 Portal Projectile        Hex/Tloc       16%          26%         3
 Fulminant Prism          Conj/Hex       11%          26%         4
 Iskenderun's Mystic Bla  Conj/Tloc      22%          26%         4
 Death Channel            Necr           25%          34%         6
 Cause Fear               Hex            4%           65%         4
 Ice Form                 Ice/Tmut       8%           65%         4
 Simulacrum               Ice/Necr       15%          91%         6
 Metabolic Englaciation   Hex/Ice        4%           94%         5
 Freezing Cloud           Conj/Ice/Air   9%           99%         6
 Ozocubu's Refrigeration  Ice            4%           100%        6


Dungeon Overview and Level Annotations

Branches:
Dungeon (9/15)             Temple (1/1) D:7            Lair (0/6) D:9
    Orc (2/2) D:9
    Elf: Orc:2

Altars:
Ashenzari
Cheibriados
Dithmenos
Elyvilon
Fedhas
Gozag
Hepliaklqana
Kikubaaqudgha
Makhleb
Nemelex Xobeh
Okawaru
Qazlal
Ru
Sif Muna
Trog
Uskayaw
Vehumet
Wu Jian
Xom
Yredelemnul
Zin
The Shining One

Annotations:
D:3 1 runed translucent door, PanSaczeczos's ghost, amateur DsWz
D:5 1 runed translucent door, exclusion: 5 sensed monsters (detected), Dowan; Duvessa
D:7 Joseph


Innate Abilities, Weirdness & Mutations

You cannot be hasted, slowed, berserked, paralysed or teleported.
You can dig through walls and to a lower floor.
Your four strong arms can wield two-handed weapons with a shield.
You have a pair of large antennae on your head. (SInv)
You have a beak for a mouth.
You are partially covered in yellow scales. (AC +2)
You possess an exceptional clarity of mind.
Your mind is acute. (Int +2)


Message History

The orc warrior shouts!
The orc warrior throws a boomerang.
The boomerang hits you.
The weapon returns to the orc warrior!
The orc knight roars a battlecry!
The orc warrior goes into a battle-frenzy!
You climb upwards.
There is a stone staircase leading down here.
Casting: Borgnjor's Vile Clutch (dangerous; 3% risk of failure)
Confirm with . or Enter, or press ? or * to list all spells.
Aiming: Borgnjor's Vile Clutch (dangerous; 3% risk of failure)
Press: ? - help, Shift-Dir - straight line, f - orc warrior
Aim: an orc warrior, wielding a +0 trident and wearing a +0 plate armour (moderately wounded, strong, 0% to evade) Zombie hands grab the orc warrior.
The zombie hands constrict the orc warrior.
The orc warrior hits you with a +0 trident!!
The zombie hands constrict the orc warrior!
The orc warrior hits you from afar with a +0 trident!!
You die...
Kikubaaqudgha rasps: "You have failed me!
Welcome... death!"

....##...#### #....##.###.###
#### .....#...#....## ##..##
......#.###....# #....###
..........##...#######...#.##
...........##...##.##.......##
......##..###................##
......#.....#...............#.##
................@..........#...##
.................>........#....##
.......#.#.#......o.....#..#...#.
........###......#..............#
...#...#.#..[....)..............#
..#...#..................#.......
.).#.###.#...............#.......
...######..).....................
......####[..............#.......


You could see an orc warrior (strong, clutched).

Vanquished Creatures
  2 two-headed ogres
  Nergalle (Orc:1)
  An orc knight (Orc:1)
  A cyclops (Orc:1)
  Psyche (D:8)
  Prince Ribbit (D:5)
  Sigmund (D:3)
  3 wargs
  An ice beast (D:8)
  9 orc warriors
  3 sky beasts
  7 ogres
  2 black bears (D:8)
  2 necrophages (D:7)
  A phantom (D:8)
  3 centaurs
  7 bullfrogs
  A wyvern skeleton (D:6)
  6 wights
  2 electric eels (D:8)
  A bullfrog zombie (D:7)
  8 hounds
  2 centaur zombies
  5 jellies
  2 quasits
  8 orc priests
  15 orc wizards
  Crazy Yiuf (D:4)
  A centaur skeleton (D:8)
  A bullfrog skeleton (D:4)
  Ijyb (D:3)
  4 iguanas
  8 worker ants
  A hound skeleton (D:8)
  A mummy (D:7)
  13 adders
  2 shadow imps (D:8)
  4 white imps
  An ufetubus (D:9)
  An ooze (D:5)
  5 worms
  3 dart slugs
  6 leopard geckos
  44 orcs
  11 bats
  7 giant cockroaches
  17 goblins
  7 hobgoblins
  20 jackals
  5 quokkas
  2 ball pythons
  5 frilled lizards
  A jackal zombie (D:6)
  7 kobolds
  4 kobold zombies (D:7)
  A leopard gecko skeleton (D:9)
  A quokka skeleton (D:8)
  10 rats
  A bush (D:1)
292 creatures vanquished.

Vanquished Creatures (others)
  17 plants
17 creatures vanquished.

Grand Total: 309 creatures vanquished

Notes
Turn   | Place    | Note
-------+----------+-------------------------------------------
     0 | D:1      | DildoBatman the Formicid Conjurer began the quest for the
                  | Orb.
     0 | D:1      | Reached XP level 1. HP: 13/13 MP: 3/3
   174 | D:1      | Reached XP level 2. HP: 19/19 MP: 0/5
   177 | D:1      | Learned a level 2 spell: Searing Ray
   542 | D:1      | Reached XP level 3. HP: 25/25 MP: 1/6
   716 | D:1      | Reached skill level 1 in Fighting
   733 | D:1      | Reached skill level 1 in Armour
  1537 | D:2      | Reached XP level 4. HP: 28/32 MP: 1/7
  1682 | D:2      | Found a blossoming altar of Fedhas.
  1967 | D:3      | Found a runed translucent door.
  1973 | D:3      | Noticed PanSaczeczos's ghost (amateur DsWz)
  2063 | D:3      | Reached XP level 5. HP: 35/38 MP: 9/9
  2112 | D:3      | Found a faded altar of an unknown god.
  2477 | D:3      | Noticed Ijyb
  2718 | D:3      | Noticed Sigmund
  3128 | D:4      | Reached XP level 6. HP: 42/44 MP: 6/11
  3228 | D:4      | Reached skill level 5 in Conjurations
  3456 | D:4      | Noticed an ogre
  3472 | D:4      | Killed an ogre
  3473 | D:4      | Reached XP level 7. HP: 33/50 MP: 4/13
  3861 | D:4      | Found a runed translucent door.
  3862 | D:4      | Noticed Crazy Yiuf
  4091 | D:5      | Entered Level 5 of the Dungeon
  4251 | D:5      | Noticed Prince Ribbit
  4666 | D:5      | Reached skill level 5 in Spellcasting
  4759 | D:5      | Found a shadowy altar of Dithmenos.
  4889 | D:5      | Noticed Dowan
  4892 | D:5      | You fall into a shaft and drop 2 floors!
  4903 | D:7      | Reached XP level 8. HP: 31/56 MP: 1/17
  5060 | D:7      | Noticed Joseph
  5163 | D:7      | Found a staircase to the Ecumenical Temple.
  5172 | Temple   | Entered the Ecumenical Temple
  5338 | Temple   | Became a worshipper of Kikubaaqudgha
  5443 | D:6      | Reached skill level 1 in Necromancy
  6005 | D:6      | Reached * piety under Kikubaaqudgha
  6005 | D:6      | Identified Kikubaaqudgha's Disquisition on Black Arts
                  | (Kikubaaqudgha gifted it to you on level 6 of the Dungeon)
  6005 | D:6      | Received a gift from Kikubaaqudgha
  6010 | D:6      | Learned a level 2 spell: Sublimation of Blood
  6014 | D:6      | Learned a level 3 spell: Vampiric Draining
  6456 | D:3      | Killed Sigmund
  6457 | D:3      | Reached XP level 9. HP: 65/65 MP: 13/19
  6544 | D:3      | Killed Ijyb
  6728 | D:4      | Killed Crazy Yiuf
  6827 | D:5      | Killed Prince Ribbit
  6951 | D:5      | Found a runed translucent door.
  6958 | D:5      | Noticed Duvessa
  7081 | D:7      | Got a scorched platinum amulet
  7206 | D:7      | Reached skill level 5 in Fighting
  7206 | D:7      | Reached skill level 5 in Armour
  7513 | D:7      | Reached skill level 5 in Necromancy
  7535 | D:7      | Reached ** piety under Kikubaaqudgha
  7792 | D:8      | Noticed Psyche
  7885 | D:8      | Killed Psyche
  7886 | D:8      | Reached XP level 10. HP: 60/74 MP: 5/20
  7959 | D:8      | Noticed a two-headed ogre
  8559 | D:8      | Reached *** piety under Kikubaaqudgha
  8559 | D:8      | Identified Kikubaaqudgha's Papyrus of Evil Arts
                  | (Kikubaaqudgha gifted it to you on level 8 of the Dungeon)
  8559 | D:8      | Received a gift from Kikubaaqudgha
  8566 | D:8      | Learned a level 4 spell: Dispel Undead
  8572 | D:8      | Learned a level 5 spell: Borgnjor's Vile Clutch
  8602 | D:8      | Gained mutation: You are partially covered in yellow
                  | scales. (AC +2) [potion of mutation]
  8602 | D:8      | Gained mutation: You have a beak for a mouth. [potion of
                  | mutation]
  8602 | D:8      | Gained mutation: You are dopey. (Int -2) [potion of
                  | mutation]
  8602 | D:8      | Gained mutation: You possess an exceptional clarity of
                  | mind. [potion of mutation]
  8603 | D:8      | Lost mutation: You are dopey. (Int -2) [potion of mutation]
  8603 | D:8      | Gained mutation: Your mind is acute. (Int +2) [potion of
                  | mutation]
  8625 | D:8      | Reached skill level 2 in Earth Magic
  8667 | D:8      | Reached skill level 3 in Earth Magic
  8750 | D:8      | Reached skill level 4 in Earth Magic
  8867 | D:8      | Reached skill level 5 in Earth Magic
  8993 | D:8      | Got a shimmering ring mail
  9102 | D:8      | Killed a two-headed ogre
  9103 | D:8      | Reached skill level 7 in Earth Magic
  9262 | D:8      | Identified the +2 ring mail "Awegronuch" {Will+} (You found
                  | it on level 8 of the Dungeon)
  9400 | D:9      | Reached **** piety under Kikubaaqudgha
  9515 | D:9      | Found a staircase to the Orcish Mines.
  9567 | D:9      | Reached skill level 8 in Earth Magic
  9575 | D:9      | Noticed a two-headed ogre
  9594 | D:9      | Killed a two-headed ogre
  9595 | D:9      | Reached skill level 9 in Earth Magic
  9595 | D:9      | Reached XP level 11. HP: 59/79 MP: 21/21
  9664 | D:9      | Reached skill level 10 in Earth Magic
  9677 | D:9      | Found a staircase to the Lair.
 10450 | Orc:1    | Entered Level 1 of the Orcish Mines
 10477 | Orc:1    | Noticed a cyclops
 10494 | Orc:1    | Killed a cyclops
 10495 | Orc:1    | Reached skill level 11 in Earth Magic
 10598 | Orc:1    | Reached ***** piety under Kikubaaqudgha
 10665 | Orc:1    | Noticed Nergalle
 10671 | Orc:1    | Noticed a spectral orc warlord
 10672 | Orc:1    | Killed Nergalle
 10956 | Orc:1    | Noticed an orc knight
 11022 | Orc:1    | Killed an orc knight
 11096 | Orc:1    | Reached skill level 1 in Shields
 11341 | Orc:2    | Entered Level 2 of the Orcish Mines
 11354 | Orc:2    | Noticed an orc knight
 11355 | Orc:2    | Reached skill level 12 in Earth Magic
 11457 | Orc:2    | Noticed an orc knight
 11467 | Orc:1    | Mangled by an orc warrior

Illustrated notes

Levels and vault maps discovered:
D:1:      minmay_arrival_five_plusses, layout_basic, serial_forest,
          infiniplex_forest_lined_4_way, infiniplex_forest_clump_curved,
          infiniplex_forest_end_2, infiniplex_forest_lined_room_3,
          infiniplex_forest_clump_small, infiniplex_forest_clump_diagonal,
          infiniplex_forest_end_1
D:2:      layout_rooms, fedhas_altar_2
D:3:      minmay_inner_zag, layout_basic, chequers_ecumenical_altar_grove,
          ebering_ghost_sewer_d, uniq_ijyb, uniq_sigmund
D:4:      layout_basic, uniq_crazy_yiuf_cottage
D:5:      lemuel_insect_pit, layout_gridville, lemuel_doored_altar,
          minmay_splitting_lines, uniq_duvessa, uniq_prince_ribbit1
D:6:      layout_basic
D:7:      layout_basic, minmay_temple_entry_drinking_statues,
          minmay_mini_ossuary, uniq_joseph
D:8:      nzn_winding_woodlands_medium [nzn_winding_woodlands_5x5_closed_star,
          nzn_winding_woodlands_5x15_jagged,
          nzn_winding_woodlands_5x5_perimeter, nzn_winding_woodlands_hourglass,
          nzn_winding_woodlands_center_triple_pond,
          nzn_winding_woodlands_5x5_cross, nzn_winding_woodlands_5x5_open_star,
          nzn_winding_woodlands_5x15_river_crossing,
          nzn_winding_woodlands_5x5_checkerboard], layout_gridville, uniq_psyche
D:9:      layout_irregular_city, erik_lair_orcish_takeover, erik_orc_4,
          wad_woods_river_04, minmay_misc_feat_tower, kennysheep_doodads
Temple:   kilobyte_greek_temple
Orc:1:    nicolae_orc_accident_1, layout_caves, uniq_nergalle
Orc:2:    grunt_orc_tribal_feast, layout_caves, serial_shops,
          nicolae_shop_overgrown_old_shop, uniq_azrael

Skill      XL: |  1  2  3  4  5  6  7  8  9 10 11 |
---------------+----------------------------------+-----
Conjurations   | 4 5 6 |  6.0
Fighting       | 1 2 4 5 |  5.0
Armour         | 1 2 4 5 |  5.0
Spellcasting   | 3 4 6 7 |  7.0
Necromancy     | 3 7 8 9 |  9.0
Earth Magic    | 9 12 | 12.0
Shields        | 2 |  2.1
Dodging        | |  1.7
Stealth        | |  2.4

Action                   |  1- 3 |  4- 6 |  7- 9 | 10-12 || total
-------------------------+-------+-------+-------+-------++-------
Melee: Unarmed           |     9 |       |       |       ||     9
       Dagger            |    85 |       |       |       ||    85
       Short sword       |   200 |    20 |       |       ||   220
       Hand axe          |       |       |    20 |    26 ||    46
       Peck              |       |       |       |     2 ||     2
       Staff             |       |       |       |     1 ||     1
       Flail             |       |       |       |     1 ||     1
 Fire: Hunting sling     |       |    34 |    85 |   236 ||   355
 Cast: Magic Dart        |    52 |    15 |    21 |     3 ||    91
       Searing Ray       |     2 |    25 |    66 |    30 ||   123
       Vampiric Draining |       |       |     6 |       ||     6
       Borgnjor's Vile C |       |       |       |    54 ||    54
       Sublimation of Bl |       |       |       |     8 ||     8
 Abil: Dig               |     7 |       |    10 |     7 ||    24
       Shaft Self        |       |       |     1 |       ||     1
  Use: Scroll            |       |       |     4 |     4 ||     8
       Potion            |       |       |       |     2 ||     2
 Stab: Sleeping          |     2 |       |       |       ||     2
Armor: Robe              |    15 |     8 |     7 |       ||    30
       Leather armour    |       |       |     9 |    47 ||    56
Dodge: Dodged            |    54 |    20 |    56 |    72 ||   202
       Repelled          |       |       |     1 |       ||     1
